 Dungeon Crawl Stone Soup version 0.24-a0-769-g368c1644f8 (webtiles) character file.

Game seed: 3436717372366903200, levelgen mode: deterministic

13896 Argons the Covert (level 12, 62/72 HPs)
             Began as a Kobold Wizard on Oct 5, 2019.
             Was a High Priest of Zin.
             Quit the game on level 2 of the Lair of Beasts on Oct 6, 2019.
             The game lasted 01:26:20 (15716 turns).

Argons the Covert (Kobold Wizard)                  Turns: 15716, Time: 01:26:20

Health: 62/72      AC: 12    Str:  8    XL:     12   Next: 38%
Magic:  16/16      EV: 21    Int: 20    God:    Zin [*****.]
Gold:   820        SH:  0    Dex: 14    Spells: 8/17 levels left

rFire    . . .     SeeInvis .   w - +0 rapier
rCold    . . .     Gourm    .   (shield restricted)
rNeg     . . .     Faith    .   a - +1 robe
rPois    .         Spirit   .   b - +0 hat
rElec    .         Reflect  .   I - +2 cloak
rCorr    .         Harm     .   y - +0 pair of gloves
MR       +....                  (no boots)
Stlth    ++++++....             (no amulet)
HPRegen  0.22/turn              e - +5 ring of protection
MPRegen  0.15/turn              m - ring of protection from magic

@: very slightly contaminated
A: small, carnivore, deterioration 1
a: Recite, Vitalisation, Imprison, Sanctuary, Donate Gold, Renounce Religion


You were on level 2 of the Lair of Beasts.
You worshipped Zin.
Zin was extremely pleased with you.
You were very full.

You visited 2 branches of the dungeon, and saw 12 of its levels.

You collected 911 gold pieces.
You donated 91 gold pieces to Zin.

Inventory:

Hand Weapons
 j - a +2 short sword of venom
 r - a cursed +4 short sword of freezing
 w - a +0 rapier (weapon)
 H - a +1 dagger of distortion
Armour
 a - a +1 robe (worn)
 b - a +0 hat (worn)
 y - a +0 pair of gloves (worn)
 C - a scarf of cloud immunity
 I - a +2 cloak (worn)
Jewellery
 e - a +5 ring of protection (left hand)
 m - a ring of protection from magic (right hand)
 n - an uncursed amulet of regeneration {unknown}
 E - an uncursed ring of poison resistance
 F - an uncursed ring of resist corrosion
 M - a +4 ring of strength {unknown}
Wands
 s - a wand of iceblast (25)
 t - a wand of acid (9)
 v - a wand of flame (37)
 B - a wand of paralysis (9)
 D - a wand of enslavement (8)
Scrolls
 c - 4 scrolls of teleportation
 f - 5 scrolls of fog
 g - 6 scrolls of remove curse
 q - 3 scrolls of enchant armour
 G - a scroll of magic mapping
 J - a scroll of identify
 N - a scroll of amnesia
Potions
 h - 12 potions of curing
 i - 2 potions of agility
 k - a potion of experience
 l - 2 potions of brilliance
 o - a potion of berserk rage
 p - 2 potions of invisibility
 u - 2 potions of ambrosia
 x - 3 potions of haste
 z - a potion of cancellation {unknown}
 A - a potion of heal wounds {unknown}
 L - a potion of mutation {unknown}
 O - a potion of flight {unknown}
 P - a potion of degeneration {unknown}
Comestibles
 d - 13 rations


   Skills:
 - Level 7.0 Fighting
 + Level 11.0 Short Blades
 + Level 9.2 Dodging
 + Level 14.7 Stealth
 - Level 3.2 Spellcasting
 - Level 2.3 Conjurations
 - Level 7.6 Hexes
   Level 1.0 Summonings
 - Level 1.0 Translocations
 - Level 5.0 Invocations


You had 8 spell levels left.
You knew the following spells:

 Your Spells              Type           Power        Failure   Level  Hunger
a - Magic Dart            Conj           ##..         5%          1    None
b - Conjure Flame         Conj/Fire      #.......     26%         3    ###....
c - Blink                 Tloc           N/A          14%         2    ##.....
d - Confuse               Hex            ####....     1%          3    ###....

Your spell library contained the following spells:

 Spells                   Type           Power        Failure   Level  Hunger
 Confusing Touch          Hex            ####..       1%          1    None
 Slow                     Hex            ####....     1%          2    ##.....
 Call Imp                 Summ           #.......     14%         2    ##.....
 Gell's Gravitas          Tloc           #.........   28%         3    ###....
 Mephitic Cloud           Conj/Pois/Air  #.......     30%         3    ###....
 Metabolic Englaciation   Hex/Ice        ###.......   63%         5    ######.
 Yara's Violent Unravell  Hex/Tmut       ###.......   63%         5    ######.
 Petrify                  Tmut/Erth      #.......     80%         4    ####...


Dungeon Overview and Level Annotations

Branches:
Dungeon (10/15)            Temple (0/1) D:6            Lair (2/6) D:9
  Swamp: Lair:2-4    Shoals: Lair:2-4     Snake: Lair:2-4    Spider: Lair:2-4
    Orc: D:9-12

Altars:
Ashenzari
Gozag
Kikubaaqudgha
Makhleb
Ru
Uskayaw
Vehumet
Zin
The Shining One

Shops:
D:6 *

Annotations:
D:6 shop, Dowan, Duvessa, Sigmund
D:9 Erolcha
D:10 1 runed translucent door, Gastronok
Lair:1 exclusion: 2 oklob plants


Innate Abilities, Weirdness & Mutations

You are small and have problems with some larger weapons.
You are carnivorous and can eat meat at any time.
Your body sometimes deteriorates upon taking damage.


Message History

The rime drake is severely wounded.
The rime drake completely misses you.
You hit the rime drake.
The rime drake is severely wounded.
The rime drake closely misses you.
You hit the rime drake.
The rime drake is almost dead.
The rime drake bites you but does no damage.
You hit the rime drake but do no damage.
The rime drake is almost dead.
You closely miss the rime drake.
The rime drake is almost dead.
The rime drake breathes ice at you. The flash freeze misses you.
You puncture the rime drake!
You kill the rime drake!
Your Short Blades skill increases to level 11!
No target in view!
No target in view!
Are you sure you want to abandon this character and quit the game? (Confirm with "yes".)

.#.# #..##
#####...##
#..#.....#
#........##
##........# ##....
#..<.....# #.....
#P....@..# ##.....
##.......# #P.....
##......# #......
#.#....## .......
###....##
.......####......#
................##
......#........##
....P..........#


There were no monsters in sight!

Vanquished Creatures
  3 hydras
  2 two-headed ogres
  An unseen horror (D:10)
  Maurice (D:9)
  A black mamba (Lair:1)
  2 spiny frogs (Lair:1)
  A rime drake (Lair:2)
  A komodo dragon (Lair:1)
  2 trolls (D:9)
  A polar bear (shapeshifter) (D:9)
  A hippogriff (Lair:1)
  A spriggan (Lair:1)
  12 yaks
  2 basilisks
  A hungry ghost (D:8)
  4 water moccasins
  A porcupine (Lair:1)
  3 sky beasts
  4 black bears
  An eye of draining (D:9)
  An ice beast (D:9)
  A slave (D:6)
  A hornet zombie (D:9)
  2 phantoms
  3 orc warriors
  4 centaurs
  An ogre (D:9)
  2 big kobolds
  A crocodile (Lair:1)
  5 bullfrogs
  4 scorpions
  A wyvern skeleton (D:9)
  10 killer bees (D:8)
  3 howler monkeys
  9 wights
  A quasit (D:8)
  4 crimson imps
  4 hounds
  2 jellies
  4 orc priests
  3 bullfrog skeletons
  A centaur skeleton (D:9)
  An orc wizard (D:7)
  Jessica (D:3)
  Ijyb (D:4)
  3 iguanas
  9 worker ants
  A hound zombie (D:9)
  A hound skeleton (D:6)
  5 worker ant zombies
  2 howler monkey skeletons (D:9)
  3 gnolls
  5 adders
  2 shadow imps
  An adder skeleton (D:7)
  An adder zombie (D:8)
  3 worms (D:3)
  3 dart slugs
  4 leopard geckos
  14 orcs
  A ball python (D:4)
  6 giant cockroaches
  2 goblins (D:1)
  6 hobgoblins
  7 jackals (D:4)
  6 quokkas
  4 bats
  3 frilled lizards
  A giant cockroach zombie (D:5)
  22 kobolds
  A leopard gecko skeleton (D:4)
  A leopard gecko zombie (D:8)
  A quokka skeleton (D:4)
  5 rats
238 creatures vanquished.

Vanquished Creatures (collateral kills)
  2 wights
  An orc (D:6)
3 creatures vanquished.

Vanquished Creatures (others)
  2 yaks (Lair:2)
  5 plants
  4 withered plants (D:8)
11 creatures vanquished.

Grand Total: 252 creatures vanquished

Notes
Turn   | Place    | Note
-------+----------+-------------------------------------------
     0 | D:1      | Argons the Kobold Wizard began the quest for the Orb.
     0 | D:1      | Reached XP level 1. HP: 10/10 MP: 4/4
    67 | D:1      | Reached skill level 3 in Stealth
   189 | D:1      | Reached XP level 2. HP: 14/15 MP: 1/6
   193 | D:1      | Learned a level 2 spell: Call Imp
   196 | D:1      | Learned a level 2 spell: Blink
   873 | D:1      | Reached XP level 3. HP: 19/19 MP: 0/7
  1199 | D:2      | Learned a level 3 spell: Conjure Flame
  1362 | D:2      | Reached skill level 4 in Stealth
  2118 | D:2      | Reached skill level 1 in Short Blades
  2118 | D:2      | Reached XP level 4. HP: 24/24 MP: 4/8
  2578 | D:3      | Noticed Jessica
  2644 | D:3      | Reached skill level 1 in Fighting
  2985 | D:3      | Killed Jessica
  3145 | D:3      | Reached XP level 5. HP: 30/30 MP: 5/9
  3246 | D:4      | Noticed Ijyb
  3527 | D:4      | Reached XP level 6. HP: 35/35 MP: 10/10
  3570 | D:4      | Reached skill level 5 in Short Blades
  3897 | D:4      | Killed Ijyb
  4220 | D:5      | Entered Level 5 of the Dungeon
  4232 | D:5      | Reached skill level 5 in Stealth
  4323 | D:5      | Reached XP level 7. HP: 40/40 MP: 5/11
  4452 | D:5      | Found a hide-covered altar of Uskayaw.
  4774 | D:5      | Reached skill level 6 in Stealth
  4989 | D:6      | Reached skill level 5 in Dodging
  5300 | D:6      | Noticed Duvessa
  5300 | D:6      | Noticed Dowan
  5332 | D:7      | Reached skill level 7 in Stealth
  5534 | D:7      | Noticed a water moccasin
  5538 | D:7      | Killed a water moccasin
  5538 | D:7      | Reached XP level 8. HP: 40/45 MP: 10/12
  5686 | D:7      | Found a shattered altar of Ashenzari.
  6140 | D:7      | Reached skill level 8 in Stealth
  6336 | D:6      | Noticed Sigmund
  6360 | D:6      | Found Wetoqi's General Store.
  6399 | D:6      | Found a staircase to the Ecumenical Temple.
  7042 | D:8      | Noticed a yak
  7043 | D:8      | Noticed a yak
  7044 | D:8      | Noticed a yak
  7044 | D:8      | Noticed a yak
  7045 | D:8      | Noticed a yak
  7178 | D:8      | Reached skill level 9 in Stealth
  7178 | D:8      | Reached XP level 9. HP: 48/52 MP: 13/13
  7203 | D:8      | Reached skill level 5 in Fighting
  7425 | D:8      | Found an opulent altar of Gozag.
  7425 | D:8      | Found a glowing silver altar of Zin.
  7444 | D:8      | Became a worshipper of Zin the Law-Giver
  7444 | D:8      | Reached * piety under Zin
  7839 | D:8      | Found an ancient bone altar of Kikubaaqudgha.
  7869 | D:8      | Reached ** piety under Zin
  8351 | D:8      | Reached skill level 10 in Stealth
  8635 | D:8      | Noticed a two-headed ogre
  8639 | D:8      | Killed a two-headed ogre
  8639 | D:8      | Reached XP level 10. HP: 61/61 MP: 14/14
  8759 | D:9      | Reached skill level 11 in Stealth
  8854 | D:9      | Noticed Maurice
  8863 | D:9      | Noticed a rime drake
  9129 | D:9      | Reached skill level 10 in Short Blades
  9134 | D:9      | Reached *** piety under Zin
  9514 | D:9      | Found a staircase to the Lair.
  9515 | D:9      | Noticed a komodo dragon
  9537 | D:9      | Learned a level 3 spell: Confuse
  9595 | D:9      | Noticed Erolcha
  9649 | D:9      | Reached **** piety under Zin
  9769 | D:9      | Reached skill level 1 in Hexes
  9962 | D:10     | Entered Level 10 of the Dungeon
 10029 | D:10     | Killed an unseen horror
 10545 | D:10     | HP: 3/63 [yak (16)]
 10877 | D:10     | Found a runed translucent door.
 10877 | D:10     | Noticed a five-headed hydra
 10878 | D:10     | Noticed a fire dragon
 10881 | D:10     | Noticed a purple ugly thing
 11376 | D:10     | Noticed Gastronok
 11507 | D:9      | Reached skill level 5 in Hexes
 11616 | D:9      | Reached XP level 11. HP: 32/67 MP: 10/15
 12163 | D:10     | Reached ***** piety under Zin
 12412 | D:10     | Killed a five-headed hydra
 12699 | D:8      | Reached skill level 12 in Stealth
 13394 | D:9      | Found a burning altar of Makhleb.
 13394 | D:9      | Found a radiant altar of Vehumet.
 13395 | D:9      | Found a sacrificial altar of Ru.
 13395 | D:9      | Found a glowing golden altar of the Shining One.
 13516 | D:9      | Reached skill level 1 in Invocations
 13673 | D:9      | Noticed a fire crab
 13835 | D:9      | Killed Maurice
 13835 | D:9      | Reached skill level 13 in Stealth
 14086 | D:9      | Noticed a two-headed ogre
 14098 | D:9      | Killed a two-headed ogre
 14276 | Lair:1   | Entered Level 1 of the Lair of Beasts
 14677 | Lair:1   | Noticed an oklob plant
 14679 | Lair:1   | Noticed an oklob plant
 14699 | Lair:1   | Reached skill level 5 in Invocations
 14724 | Lair:1   | Reached skill level 14 in Stealth
 14724 | Lair:1   | Reached XP level 12. HP: 72/72 MP: 16/16
 14793 | Lair:1   | Found a hide-covered altar of Uskayaw.
 14943 | Lair:1   | Noticed an eight-headed hydra
 15139 | Lair:1   | Killed an eight-headed hydra
 15303 | Lair:1   | Noticed a five-headed hydra
 15305 | Lair:1   | Killed a five-headed hydra
 15654 | Lair:2   | Gained mutation: Your body sometimes deteriorates upon
                  | taking damage. [mutagenic glow]
 15716 | Lair:2   | Quit the game

Levels and vault maps discovered:
D:1:      dpeg_arrival_shelter, layout_basic, serial_bayou_ford_a
D:2:      layout_loops_corners
D:3:      layout_loops_ring, uniq_jessica
D:4:      layout_cave_pools, moated_statue, uniq_ijyb
D:5:      layout_rooms, eat_drink_and_be_merry_uskayaw, first_ration,
          minmay_misc_feat_enclosed
D:6:      minmay_chambers_of_sixes, layout_basic, temple_pool_b, serial_shops,
          shop_fountains, uniq_duvessa, uniq_pikel, uniq_sigmund
D:7:      layout_loops_cross, kennysheep_little_box
D:8:      kennysheep_six_static_rooms, layout_basic,
          grunt_temple_overflow_gold_and_silver, kiku_gazebo_garden_becter
D:9:      hangedman_cross_cluster, layout_long_grid,
          chequers_temple_overflow_statue_of_worship, david_lair_shrubbed,
          hangedman_pestilent_swarm, uniq_maurice, uniq_erolcha
D:10:     layout_loops_ring, minivault_13, uniq_gastronok
Lair:1:   layout_roguey, basic_altar, grunt_forest_large_clearing_hut,
          minmay_lair_oklob_chamber, grunt_megastairs_2
Lair:2:   layout_cave_pods, minmay_shoals_entry_lonely_mermaid,
          kennysheep_abandoned_house, lemuel_fruit_fields

Skill      XL: |  1  2  3  4  5  6  7  8  9 10 11 12 |
---------------+-------------------------------------+-----
Stealth        | 3 4 5 7 9 10 11 14 | 14.7
Conjurations   | 2 |  2.3
Short Blades   | 1 2 4 5 7 9 10 11 | 11.0
Fighting       | 2 4 6 7 |  7.0
Dodging        | 3 5 7 8 9 |  9.2
Hexes          | 5 7 |  7.6
Invocations    | 5 |  5.0
Spellcasting   | |  3.2
Summonings     | |  1.0
Translocations | |  1.0

Action                   |  1- 3 |  4- 6 |  7- 9 | 10-12 || total
-------------------------+-------+-------+-------+-------++-------
Melee: Short sword       |    22 |    83 |    84 |   535 ||   724
       Dagger            |       |       |   195 |    85 ||   280
       Rapier            |       |       |       |    18 ||    18
 Cast: Magic Dart        |    83 |    74 |    77 |    72 ||   306
       Call Imp          |       |       |    12 |       ||    12
       Blink             |       |       |       |     3 ||     3
       Confuse           |       |       |       |    43 ||    43
Invok: Recite            |       |       |       |     1 ||     1
Evoke: Wand              |       |     2 |     2 |       ||     4
  Use: Scroll            |     2 |    10 |     5 |     4 ||    21
 Stab: Sleeping          |       |     3 |     9 |    25 ||    37
       Distracted        |       |       |     1 |     1 ||     2
       Confused          |       |       |       |    29 ||    29
  Eat: Chunk             |    11 |     8 |    10 |    29 ||    58
Armor: Robe              |     3 |    27 |    38 |    89 ||   157
Dodge: Dodged            |    23 |    67 |   135 |   335 ||   560

Table legend:
 A = Non-vault XP
 B = Vault XP
 C = Vault XP percentage of total XP
 D = Non-vault monster count
 E = Vault monster count
 F = Vault count percentage of total count
                 A         B        C        D         E       F
            +---------+---------+-------+---------+---------+-------
      Total |   14454 |    5398 |  27.2 |     208 |      34 |  14.0
            +---------+---------+-------+---------+---------+-------
        D:1 |      31 |       0 |   0.0 |      21 |       0 |   0.0
        D:2 |      38 |       0 |   0.0 |      15 |       0 |   0.0
        D:3 |      36 |      37 |  50.7 |       8 |       1 |  11.1
        D:4 |     198 |      36 |  15.4 |      20 |       1 |   4.8
        D:5 |     360 |       0 |   0.0 |       9 |       0 |   0.0
        D:6 |     230 |       0 |   0.0 |      12 |       0 |   0.0
        D:7 |     938 |       0 |   0.0 |      14 |       0 |   0.0
        D:8 |    3373 |     278 |   7.6 |      41 |       4 |   8.9
        D:9 |    2558 |    2600 |  50.4 |      29 |      23 |  44.2
       D:10 |    1837 |     978 |  34.7 |      22 |       1 |   4.3
     Lair:1 |    4074 |    1469 |  26.5 |      13 |       4 |  23.5
     Lair:2 |     781 |       0 |   0.0 |       4 |       0 |   0.0
            +---------+---------+-------+---------+---------+-------
